 Dungeon Crawl Stone Soup version 0.31-a0-1529-g7bd419a0e5 (webtiles) character file.

Game seed: 2585171400070585766

2153 t4s4d4r the Grappler (level 9, 0/55 HPs)
             Began as an Octopode Shapeshifter on Dec 31, 2023.
             Constricted to death by a larval weirdox beast (5 damage)
             ... on level 7 of the Dungeon.
             The game lasted 00:08:10 (6096 turns).

t4s4d4r the Grappler (Octopode Shapeshifter)        Turns: 6096, Time: 00:08:11

Health: 0/55       AC:  1    Str: 15    XL:     9   Next: 31%
Magic:  9/9        EV: 10    Int: 13    God:
Gold:   298        SH:  0    Dex: 13    Spells: 8/8 levels left

rFire   . .          .
                       - Unarmed
rCold   . . .        (no shield)
rNeg    . . .        (helmet currently unavailable)
rPois   .            (no amulet)
rElec   .            h - +4 ring of slaying
rCorr   +            B - ring of resist corrosion
SInv    .            (no ring)
Will    .....        (no ring)
Stlth   +++          (no ring)
HPRegen 0.29/turn    (no ring)
MPRegen 0.11/turn    (no ring)
                     (no ring)

%: no passive effects
@: beast-form, constricted
A: beast (slay +1), almost no armour, amphibious, 8 rings, camouflage 1,
gelatinous body 1, (nimble swimmer 1), tentacles
a: Begin Untransformation


You were on level 7 of the Dungeon.
You were a hulking beast.
You visited 2 branches of the dungeon, and saw 8 of its levels.

You collected 298 gold pieces.

Inventory:

Hand Weapons
 a - a +1 sling
 A - a +0 shortbow
Missiles
 t - 4 curare-tipped darts
Jewellery
 h - a +4 ring of slaying (left tentacle)
 B - a ring of resist corrosion (right tentacle)
Talismans
 b - a beast talisman
 c - a flux talisman
Wands
 z - a wand of paralysis (14)
Scrolls
 e - a scroll of teleportation
 f - a scroll of enchant armour
 j - a scroll of revelation
 k - a scroll of blinking
 q - a scroll of poison
 r - a scroll of silence
 u - a scroll of fog {unknown}
 v - a scroll of fear {unknown}
 w - a scroll of vulnerability {unknown}
 y - a scroll of torment
Potions
 d - 2 potions of lignification
 g - a potion of haste
 i - 2 potions of invisibility
 l - a potion of curing
 m - a potion of mutation
 n - 3 potions of enlightenment
 o - a potion of brilliance
 p - 2 potions of cancellation
 s - 3 potions of attraction
 x - a potion of heal wounds
 C - a potion of berserk rage {unknown}


   Skills:
 - Level 2.3 Fighting
 - Level 2.0 Dodging
 - Level 3.4 Stealth
 + Level 11.9 Unarmed Combat
 - Level 3.0 Shapeshifting


You had 8 spell levels left.
You didn't know any spells.
Your spell library contained the following spells:

 Spells                   Type           Power      Damage    Failure   Level
 Summon Blazeheart Golem  Fire/Summ      0%         N/A       97%         4
 Orb of Destruction       Conj           0%         9d5       100%        7
 Spellforged Servitor     Conj/Summ      0%         N/A       100%        7


Dungeon Overview and Level Annotations

Branches:
Dungeon (7/15)             Temple (1/1) D:6

Altars:
Ashenzari
Elyvilon
Fedhas
Hepliaklqana
Kikubaaqudgha
Makhleb
Nemelex Xobeh
Okawaru
Qazlal
Sif Muna
Trog
Uskayaw
Vehumet
Wu Jian
Xom
Yredelemnul
Zin

Shops:
D:1 *   D:4 !

Annotations:
D:5 1 runed translucent door, Crazy Yiuf


Innate Abilities, Weirdness & Mutations

You are a hulking beast.
Your limbs bulge with bestial killing power. (Slay +1)
You cannot wear most types of armour.
You are amphibious.
You can wear up to eight rings at the same time.
Your skin changes colour to match your surroundings (Stealth+).
Your rubbery body absorbs attacks. (AC +1, EV +1)
((You are camouflaged when in or above water. (Stealth+)))
You have tentacles for arms and can constrict up to eight enemies at once.


Message History

The larval firesting beast is lightly wounded.
A larval weirdox beast comes into view.
You shoot a sling bullet.
The sling bullet hits the larval firesting beast.
The larval firesting beast is heavily wounded.
You shoot a sling bullet.
The sling bullet hits the larval firesting beast.
The larval firesting beast is severely wounded.
The larval firesting beast breathes flames at you.
The blast of flame hits you!
You shoot a sling bullet.
The sling bullet hits the larval firesting beast!
You kill the larval firesting beast!
You shoot a sling bullet.
The sling bullet hits the larval weirdox beast!
The larval weirdox beast is moderately wounded.
You shoot a sling bullet.
The sling bullet hits the larval weirdox beast but does no damage.
The larval weirdox beast is moderately wounded.
You shoot a sling bullet.
The sling bullet hits the larval weirdox beast but does no damage.
The larval weirdox beast is moderately wounded.
The larval weirdox beast hits you! The larval weirdox beast grabs you.
The larval weirdox beast tramples you but does no damage.
The larval weirdox beast constricts you.
You are now empty-tentacled.
The larval weirdox beast hits you! The larval weirdox beast tramples you.
You are held in place!
The larval weirdox beast constricts you.
You are too injured to fight recklessly!
You are too injured to fight recklessly!
You tentacle-slap the larval weirdox beast.
You grab the larval weirdox beast.
You squeeze the larval weirdox beast, but do no damage.
The larval weirdox beast is severely wounded.
You constrict the larval weirdox beast, but do no damage.
The larval weirdox beast hits you!
* * * LOW HITPOINT WARNING * * *
The larval weirdox beast barely misses you.
The larval weirdox beast constricts you.
You die...

##.# ##..###
#...#.########
#...†#.......#
#...###....<.# #..##
##.....# #>..#
#......#
##.####.##.#...(...#
#......h# ..#.######
#..###.H......#
#.†##..#.# ....
..#.# ....# ..#
.....# .# ....### #
...##


You could see a larval weirdox beast.

Vanquished Creatures
  Grinder (D:5)
  Sigmund (D:4)
  A black bear (D:6)
  A sky beast (D:6)
  2 ice beasts (D:6)
  3 ogres
  2 centaurs (D:6)
  Blork the orc (D:4)
  A scorpion (D:6)
  3 killer bees
  An oklob sapling (D:6)
  2 howler monkeys (D:6)
  A bombardier beetle (D:6)
  2 hounds
  2 gnoll boudas
  3 jellies
  A sleepcap (D:5)
  4 iguanas
  A mutant beast (D:7)
  9 gnolls
  13 adders
  A shadow imp (D:4)
  A ribbon worm (D:4)
  10 orcs
  5 ball pythons
  8 endoplasms
  A giant cockroach (D:1)
  8 goblins
  5 hobgoblins
  3 jackals (D:4)
  A quokka (D:2)
  5 bats
  2 frilled lizards
  6 kobolds
  4 rats
115 creatures vanquished.

Notes
Turn   | Place    | Note
-------+----------+-------------------------------------------
     0 | D:1      | t4s4d4r the Octopode Shapeshifter began the quest for the
                  | Orb.
     0 | D:1      | Reached XP level 1. HP: 13/13 MP: 1/1
    57 | D:1      | Found Keixzug's Assorted Antiques.
   194 | D:1      | Reached XP level 2. HP: 17/18 MP: 2/2
   436 | D:2      | Reached skill level 4 in Unarmed Combat
   436 | D:2      | Reached XP level 3. HP: 20/23 MP: 3/3
   642 | D:2      | Reached XP level 4. HP: 28/28 MP: 4/4
  1021 | D:3      | Found a sparkling altar of Nemelex Xobeh.
  1076 | D:3      | Reached skill level 5 in Unarmed Combat
  1614 | D:3      | Reached XP level 5. HP: 33/33 MP: 5/5
  1893 | D:4      | Noticed Sigmund
  1901 | D:4      | Killed Sigmund
  1902 | D:4      | Reached skill level 6 in Unarmed Combat
  1902 | D:4      | Reached XP level 6. HP: 31/38 MP: 6/6
  2329 | D:4      | Reached XP level 7. HP: 16/45 MP: 7/7
  2527 | D:4      | Reached skill level 7 in Unarmed Combat
  2566 | D:4      | Noticed Blork the orc
  2573 | D:4      | Killed Blork the orc
  2766 | D:4      | Found Goirr's Distillery.
  2893 | D:5      | Entered Level 5 of the Dungeon
  2893 | D:5      | Noticed Grinder
  2898 | D:5      | Killed Grinder
  2899 | D:5      | Reached skill level 8 in Unarmed Combat
  3108 | D:5      | Reached XP level 8. HP: 45/51 MP: 8/8
  3632 | D:5      | Reached skill level 9 in Unarmed Combat
  3735 | D:5      | Found a runed translucent door.
  3736 | D:5      | Noticed Crazy Yiuf
  3958 | D:5      | HP: 1/51 [killer bee (2)]
  4455 | D:6      | Found a staircase to the Ecumenical Temple.
  4643 | D:6      | Reached skill level 10 in Unarmed Combat
  4921 | Temple   | Entered the Ecumenical Temple
  5269 | D:6      | Reached skill level 11 in Unarmed Combat
  5269 | D:6      | Reached XP level 9. HP: 44/55 MP: 9/9
  6096 | D:7      | Constricted to death by a larval weirdox beast

Illustrated notes

Levels and vault maps discovered:
D:1:      heliophobic_arrival_enchanted_forest, layout_rooms, serial_shops, shop
D:2:      layout_rooms
D:3:      layout_basic, lemuel_round_altar, kennysheep_boxes
D:4:      layout_basic, serial_shops, nicolae_shop_real_fake_doors,
          uniq_sigmund, uniq_blork_the_orc
D:5:      corexii_shack_village, layout_rooms, uniq_crazy_yiuf_cottage,
          uniq_grinder
D:6:      minmay_bubble_buster, layout_loops_ring, minmay_temple_entry_oklob,
          hangedman_decor_clover_reticule
D:7:      kennysheep_seaside_town, layout_loops_cross, enter_bailey_2,
          grunt_decor_mini_mirrors, minivault_19, nicolae_beast_mode
Temple:   nicolae_temple_bog_church

Skill      XL: |  1  2  3  4  5  6  7  8 |
---------------+-------------------------+-----
Unarmed Combat | 4 5 6 8 11 | 11.9
Stealth        | 3 |  3.4
Fighting       | 2 |  2.3
Dodging        | |  2.0
Shapeshifting  | |  3.0

Action                     |  1- 3 |  4- 6 |  7- 9 || total
---------------------------+-------+-------+-------++-------
  Melee: Unarmed           |    18 |    27 |   111 ||   156
         Tentacles         |     3 |     7 |    21 ||    31
         Constrict         |     3 |     8 |    27 ||    38
         Punch             |       |       |     7 ||     7
   Fire: Sling             |    31 |    58 |    63 ||   152
    Use: Scroll            |       |    14 |     5 ||    19
         Potion            |       |       |     2 ||     2
   Stab: Sleeping          |     3 |     2 |     7 ||    12
 Armour: Skin              |    12 |    16 |    76 ||   104
  Dodge: Dodged            |    16 |    24 |    64 ||   104

Table legend: (Time is in decaauts)
 A = Elapsed time spent in this place.
 B = Non-inter-level travel time spent in this place.
 C = Inter-level travel time spent in this place.
 D = Time resting spent in this place.
 E = Time spent auto-exploring this place.
 F = Levels seen in this place.
 G = Mean time per level.
                   A        B        C        D        E       F      G
               +--------+--------+--------+--------+--------+-----+--------+
         Total |   6086 |   5872 |    214 |   1888 |   3095 |   8 |  760.8 |
       Dungeon |   6046 |   5851 |    195 |   1888 |   3095 |   7 |  863.7 |
        Temple |     39 |     20 |     19 |      0 |      0 |   1 |   39.0 |
               +--------+--------+--------+--------+--------+-----+--------+

Top non-repeatable levels by time:
     D:6: 1640 daAuts
     D:5: 1245 daAuts
     D:4: 1238 daAuts
     D:3: 1006 daAuts
     D:2: 498 daAuts
     D:1: 339 daAuts
     D:7: 77 daAuts
  Temple: 39 daAuts
